 Dungeon Crawl Stone Soup version 0.17.0-8-gb983d21 (console) character file.

200 Kloppie the Ruffian (level 5, -2/45 HPs)
             Began as a Ghoul Monk on Nov 9, 2015.
             Killed by divine providence
             ... invoked by an orc priest
              (15 damage)
             ... on level 2 of the Dungeon.
             The game lasted 00:05:04 (2234 turns).

Kloppie the Ruffian (Ghoul Monk)                    Turns: 2234, Time: 00:05:04

Health: -2/45      AC:  4    Str: 16    XL:     5   Next: 79%
Magic:  4/4        EV: 12    Int:  5    God:
Gold:   143        SH:  0    Dex: 11    Spells: 0 memorised, 4 levels left

rFire  . . .     SeeInvis .       - Unarmed
rCold  + . .     Clarity  .     o - +0 leather armour
rNeg   + + +     SustAt   .     (no shield)
rPois  ∞         Gourm    .     r - +0 helmet
rElec  .         Spirit   .     (no cloak)
rCorr  .         Warding  .     (no gloves)
rMut   .         Stasis   .     (no boots)
MR     .....                    (no amulet)
Stlth  ++........               (no ring)
                                (no ring)

@: rotting, not resistant to hostile enchantments, unstealthy
A: rotting body, claws 1, carnivore 3, cold resistance 1, negative energy
resistance 3, slow regeneration 1, torment resistance, unbreathing
a: no special abilities


You were on level 2 of the Dungeon.
You were not hungry.

You visited 1 branch of the dungeon, and saw 3 of its levels.

You collected 143 gold pieces.

Inventory:

Hand Weapons
 a - a +4 vampiric dagger
Armour
 o - a +0 leather armour (worn)
 r - a +0 helmet (worn)
Jewellery
 m - an uncursed amulet of faith {unknown}
Scrolls
 d - a scroll of remove curse {unknown}
 g - a scroll of fog {unknown}
 h - 3 scrolls of teleportation {unknown}
 j - a scroll of noise {unknown}
 l - 3 scrolls of blinking {unknown}
 p - a scroll of identify {unknown}
Potions
 c - 2 potions of ambrosia {unknown}
 e - a potion of magic {unknown}
 f - 2 potions of haste {unknown}
 i - 3 potions of heal wounds {unknown}
 k - 3 potions of curing
 n - a potion of cancellation {unknown}
Comestibles
 b - 2 meat rations
 q - 9 chunks of flesh


   Skills:
 - Level 3.2 Fighting
 + Level 3.3 Armour
 - Level 2.6 Dodging
 - Level 2.1 Stealth
 + Level 6.0 Unarmed Combat


You had 4 spell levels left.
You didn't know any spells.

Dungeon Overview and Level Annotations

Branches:
Dungeon (3/15)

Altars:


Innate Abilities, Weirdness & Mutations

Your body is rotting away.
You thrive on raw meat.
You are immune to poison.
You have sharp fingernails.
You are carnivorous and can eat meat at any time.
Your flesh is cold resistant.
You are immune to negative energy.
You regenerate slowly when monsters are visible.
You are immune to unholy pain and torment.
You can survive without breathing.


Message History

You completely miss the giant frog.
The giant frog is heavily wounded.
The giant frog closely misses you. The giant frog hits you.
You claw the giant frog!
You kill the giant frog!
Your Unarmed Combat skill increases to level 6!
There is a stone staircase leading up here.
The worm bites you! The orc priest barely misses you.
You climb upwards.
There is a stone staircase leading down here.
You claw the orc priest!
The orc priest is heavily wounded.
The worm bites you!
* * * LOW HITPOINT WARNING * * *
The orc priest hits you but does no damage.
You scratch the orc priest.
The orc priest is almost dead.
The orc priest invokes the aid of Beogh against you.
Something smites you!
You die...

###.##.......# #..# #.##.......# ##.## #.##.......# #..%#
#<##.......# #.#.# #.##.......# #...# #.##.......# ###.#
#.##.......# #.# #.######.########.# ####.######.## #.....#
###### #............# #.##### .....#
######.##.#######.###.################ ####.# #.......#.#
#..##.#.......#......# ####.##### #.####..#.#
#..#.#..#####.#.###..# ##.......#######.####..#.#
#...###.##...........# ##.#.###............#....#
#..#.#..##.##.#>###..########## ##.#.# #########.##.##.#.#
#..##<#.......#.###...........# .....#
#.##.##.#.#######..###wo.............########.# ##.#####
#.......#...(.....## #>###......###### #....# .......#
##......######...## #@# ####...# #.##.# .#.#...## ####.###..#
#...#####.# ####..## ##.##.## .#......######.........#
#.........# #.)....####### #......#
.##....#.....#.##.##...######...#####.# #.#....#.....# ###..###
.##....#.....#.##.##...##.......# #.# #>#....#.....# #......#
.......#..........##............# #.# #.#..........# ##.##.##
###.####.....#.####...###.......# #.# #.#.##.#.....###......#
###.####.....#.......## #####...#####.# #......#.....#.#.####(#
.......############.## #.........# ###.##########.#......#
.##.##.# #.# #...####### #.# #.##.##.## .##.##.# ########.#
#...# #.# #.#......# .##....#####...)..#.##########.##
#.##########.###..###
.#####.........##.#.##.......#.############...<...##...#......#
.#####.#####.#.##.#.##.#####..............#######.##.#.##.##.##
.......# #.#......##.#####...###..#####.# #.##.##......#
######## #.####.####.##........#..#####.# #.......#.####
#......# #....................# ####.####.#
###########........###.......#.# #......#
#......##.........#..#.# ########


You could see a worm and an orc priest.

Vanquished Creatures
  A giant frog (D:3)
  Ijyb (D:2)
  A hound zombie (D:3)
  Robin (D:3)
  2 adders (D:3)
  2 orcs (D:3)
  2 giant cockroaches
  15 goblins
  10 hobgoblins
  2 jackals (D:1)
  6 bats
  3 giant newts
  7 kobolds
  11 rats
64 creatures vanquished.

Notes
Turn   | Place    | Note
--------------------------------------------------------------
     0 | D:1      | Kloppie the Ghoul Monk began the quest for the Orb.
     0 | D:1      | Reached XP level 1. HP: 19/19 MP: 0/0
   172 | D:1      | Reached XP level 2. HP: 21/26 MP: 1/1
   220 | D:1      | Reached skill level 1 in Armour
   513 | D:1      | Reached XP level 3. HP: 14/31 MP: 2/2
   748 | D:1      | Reached skill level 5 in Unarmed Combat
  1625 | D:3      | Noticed Ijyb
  1645 | D:2      | Killed Ijyb
  1645 | D:2      | Reached XP level 4. HP: 6/35 MP: 3/3
  1989 | D:3      | Noticed Robin
  2010 | D:3      | Killed Robin
  2090 | D:3      | Reached XP level 5. HP: 29/45 MP: 4/4
  2211 | D:3      | Noticed a giant frog
  2227 | D:3      | Killed a giant frog
  2227 | D:3      | Reached skill level 6 in Unarmed Combat
  2234 | D:2      | Killed from afar by an orc priest

Action                   |  1- 3 |  4- 6 || total
-------------------------+-------+-------++-------
Melee: Unarmed           |   115 |    61 ||   176
       Dagger            |       |    50 ||    50
 Stab: Sleeping          |     3 |       ||     3
  Eat: Chunk             |     8 |    10 ||    18
